AoeStats
← El dengue

Arabia

510674539Analyzed
1v1 RM · 17h ago on Oct 2, 2026· 43m 47s· 2 players
Game mode
Random Map
Map size
Tiny (2 player)
Population
200
Speed
Normal
Resources
Standard
Victory
Conquest
Starting age
Dark Age
Ending age
Imperial Age
RankedLock teamsTeams togetherTeam positionsShared explorationLock speedFull tech treeHidden civsTurbo modeCheats
Victory
Defeat
🇨🇦 Ethiopians · Canada
924
+29
🇦🇷 Chinese · Argentina
916
-16
El dengue
0:26 Loom
9:23 Feudal Age
23:00 Castle Age
21:57 Fletching
22:16 Double-Bit Axe
23:05 Padded Archer Armor
23:47 Elite Skirmisher
34:00 Forging
33:55 Scale Barding Armor
34:03 Forging
41:35 Bow Saw
Lord_John-Boy
5:06 Loom
9:31 Feudal Age
13:29 Fletching
28:31 Castle Age
28:32 Crossbowman
29:23 Scale Barding Armor
35:05 Bodkin Arrow
35:11 Padded Archer Armor
Connection lost

Rejoining the realm…

Still unreachable

The connection could not be restored.

Session expired

The server has moved on; the page needs a fresh start.